 Dungeon Crawl Stone Soup version 0.20.0 (webtiles) character file.

189 MatthieuS the Conjurer (level 5, 0/29 HPs)
             Began as a Deep Elf Conjurer on June 18, 2017.
             Slain by an adder (2 damage)
             ... on level 3 of the Dungeon.
             The game lasted 00:09:08 (2658 turns).

MatthieuS the Conjurer (Deep Elf Conjurer)          Turns: 2658, Time: 00:09:10

Health: 0/29       AC:  3    Str:  6    XL:     5   Next: 40%
Magic:  5/13       EV: 13    Int: 25    God:
Gold:   106        SH:  0    Dex: 15    Spells: 1/12 levels left

rFire    . . .     SeeInvis .   w - +0 hunting sling
rCold    . . .     Gourm    .   (no shield)
rNeg     . . .     Faith    .   j - +0 robe
rPois    .         Spirit   .   (no helmet)
rElec    .         Reflect  .   (no cloak)
rCorr    .         Harm     .   (no gloves)
MR       .....                  n - +0 pair of boots
Stlth    ++........             (no amulet)
Regen    0.1/turn               o - +5 ring of intelligence
MPRegen  0.2/turn               (no ring)

@: lethally poisoned (0 -> -3)
A: no striking features
a: no special abilities


You were on level 3 of the Dungeon.
You were not hungry.

You visited 1 branch of the dungeon, and saw 3 of its levels.

You collected 106 gold pieces.

Inventory:

Hand Weapons
 a - a +0 short sword
 w - a +0 hunting sling (weapon)
Missiles
 l - 98 stones (quivered)
Armour
 j - a +0 robe (worn)
 n - a +0 pair of boots (worn)
Jewellery
 o - a +5 ring of intelligence (left hand)
Wands
 q - a wand of polymorph (24/24)
Scrolls
 f - a scroll of remove curse
 i - a scroll of teleportation
Potions
 d - a potion of curing
 e - 2 potions of heal wounds
Books
 b - a book of Conjurations

   Spells                             Type                      Level
   a - Magic Dart                     Conjuration                  1
   b - Searing Ray                    Conjuration                  2
   c - Dazzling Spray                 Conjuration/Hexes            3
   d - Fulminant Prism                Conjuration/Hexes            4
   e - Force Lance                    Conjuration/Translocation    4
   f - Iskenderun's Mystic Blast      Conjuration                  4
Comestibles
 c - 3 bread rations
 g - 2 meat rations
 h - a royal jelly
 k - 4 fruits
 m - 5 chunks of flesh


   Skills:
 + Level 1.0 Fighting
 + Level 3.2 Dodging
 + Level 3.4 Stealth
 + Level 4.3 Spellcasting
 + Level 5.9 Conjurations


You had one spell level left.
You knew the following spells:

 Your Spells              Type           Power        Failure   Level  Hunger
a - Magic Dart            Conj           ####         1%          1    None
b - Searing Ray           Conj           #####.       1%          2    None
c - Iskenderun's Mystic   Conj           #####...     8%          4    ####...
d - Fulminant Prism       Conj/Hex       ###.......   26%         4    ####...


Dungeon Overview and Level Annotations

Branches:
Dungeon (3/15)

Altars:

Annotations:
D:3 MatthieuS's ghost, amateur HuCj


Message History

Press: ? - help, Shift-Dir - straight line, f/p - MatthieuS's ghost
Aim: MatthieuS's ghost (severely damaged)
The searing ray hits MatthieuS's ghost.
MatthieuS's ghost is severely damaged. (Press . to maintain the ray.) MatthieuS's ghost takes aim.
MatthieuS's ghost hits you. The adder barely misses you.
The searing ray hits MatthieuS's ghost.
MatthieuS's ghost is almost destroyed.
The adder bites you.
You are poisoned.
The adder poisons you! MatthieuS's ghost hits you.
The adder bites you but does no damage.
The searing ray misses MatthieuS's ghost.
You feel sick. MatthieuS's ghost casts a spell at you. The magic dart hits you!
* * * LOW HITPOINT WARNING * * *
The adder bites you.
You die...

.......* ****#.# ******,,,*
.######* #.# *,,,,,,*,, .# #.#
*,****,,,* .# #>###*****,* **,**
.# #....,,,,,,* *,** .#
#.#.#*,***,* *,** .# #.#.#*,##*,*
*,,,
.##############.#S#...#*,********
................@W..#,,,,,,,,,,,,
.##################.>...,********
.# *....!.,***** .# *,.....,,,,,*
)## *,.....,***,*
..######*************....** *,***
........,,,,,,,,,* *....* *,,,,
..######********,* *************
### *,* *,,,,,,,,,,,


You could see MatthieuS's ghost and an adder.

Vanquished Creatures
  2 orc wizards (D:3)
  Robin (D:2)
  2 adders (D:2)
  2 worms
  5 dart slugs
  2 leopard geckos
  3 orcs (D:3)
  3 giant cockroaches
  15 goblins
  11 hobgoblins
  8 jackals
  A ball python (D:3)
  4 bats (D:1)
  4 frilled lizards
  8 kobolds
  12 rats
83 creatures vanquished.

Notes
Turn   | Place    | Note
-------+----------+-------------------------------------------
     0 | D:1      | MatthieuS the Deep Elf Conjurer began the quest for the Orb.
     0 | D:1      | Reached XP level 1. HP: 10/10 MP: 6/6
   401 | D:1      | Reached XP level 2. HP: 15/15 MP: 6/8
  1118 | D:1      | Reached skill level 5 in Conjurations
  1126 | D:1      | Learned a level 2 spell: Searing Ray
  1137 | D:1      | Reached XP level 3. HP: 19/19 MP: 7/9
  1680 | D:2      | Reached XP level 4. HP: 24/24 MP: 3/11
  1714 | D:2      | Learned a level 4 spell: Iskenderun's Mystic Blast
  1860 | D:2      | Noticed Robin
  1888 | D:2      | Killed Robin
  2282 | D:3      | Reached skill level 1 in Fighting
  2282 | D:3      | Reached XP level 5. HP: 29/29 MP: 8/13
  2639 | D:3      | Learned a level 4 spell: Fulminant Prism
  2649 | D:3      | Noticed MatthieuS's ghost (amateur HuCj)
  2658 | D:3      | Slain by an adder

Skill      XL: |  1  2  3  4  5 |
---------------+----------------+-----
Conjurations   | 5 |  5.9
Dodging        | 3 |  3.2
Spellcasting   | 4 |  4.3
Fighting       | 1 |  1.0
Stealth        | 3 |  3.4

Action                   |  1- 3 |  4- 6 || total
-------------------------+-------+-------++-------
Melee: Unarmed           |       |    18 ||    18
 Fire: Hunting sling     |     5 |    29 ||    34
 Cast: Magic Dart        |    93 |    25 ||   118
       Searing Ray       |       |     5 ||     5
  Use: Scroll            |     4 |     4 ||     8
       Potion            |     1 |     2 ||     3
 Stab: Confused          |       |     1 ||     1
  Eat: Chunk             |     2 |     3 ||     5
Armor: Robe              |     3 |     4 ||     7
       Skin              |       |     5 ||     5
Dodge: Dodged            |    19 |    31 ||    50
